 Dungeon Crawl Stone Soup version 0.18-a0-1300-g6e8322c (webtiles) character file.

67 Ijustatesigmund the Skirmisher (level 4, 14/37 HPs)
             Began as a Demonspawn Berserker on Feb 11, 2016.
             Was a Believer of Trog.
             Quit the game on level 2 of the Dungeon.
             The game lasted 00:03:44 (1514 turns).

Ijustatesigmund the Skirmisher (DsBe)               Turns: 1514, Time: 00:03:45

Health: 14/37      AC:  2    Str: 18    XL:     4   Next: 0%
Magic:  4/4        EV: 11    Int:  8    God:    Trog [**....]
Gold:   88         SH:  0    Dex: 13    Spells: 0 memorised, 3 levels left

rFire  . . .     SeeInvis .     a - +1 hand axe
rCold  . . .     Gourm    .     b - +0 animal skin
rNeg   . . .     Faith    .     (no shield)
rPois  .         Spirit   .     (helmet restricted)
rElec  .         Dismiss  .     (no cloak)
rCorr  .         Reflect  .     (no gloves)
SustAt .         Harm     .     (no boots)
MR     .....                    (no amulet)
Stlth  +.........               (no ring)
                                (no ring)

@: heavily drained, not resistant to hostile enchantments, very unstealthy
A: antennae 1, powered by pain 1
a: Berserk, Trog's Hand, Burn Spellbooks, Renounce Religion


You were on level 2 of the Dungeon.
You worshipped Trog.
Trog was pleased with you.
You were not hungry.

You visited 1 branch of the dungeon, and saw 2 of its levels.

You collected 88 gold pieces.

Inventory:

Hand Weapons
 a - a +1 hand axe (weapon)
Armour
 b - a +0 animal skin (worn)
 h - a +1 helmet
Jewellery
 e - an uncursed ring of wizardry {unknown}
Scrolls
 d - a scroll of remove curse
Potions
 i - a potion of degeneration {unknown}
 j - a potion of heal wounds {unknown}
 k - a potion of ambrosia {unknown}
 l - a potion of brilliance {unknown}
 m - a potion of agility {unknown}
Comestibles
 c - 2 bread rations
 f - a meat ration
 g - a slice of pizza


   Skills:
 + Level 4.0(1.9) Fighting
 + Level 3.7(1.6) Axes
 - Level 1.7(0.0) Armour
 - Level 1.7(0.0) Dodging


You had 3 spell levels left.
You didn't know any spells.

Dungeon Overview and Level Annotations

Branches:
Dungeon (2/15)

Altars:


Innate Abilities, Weirdness & Mutations

You have a pair of small antennae on your head.
You sometimes gain a little power by taking damage.


Message History

The quokka is moderately wounded.
The quokka barely misses you.
You hit the quokka.
The quokka is heavily wounded.
The quokka barely misses you. x2
You hit the quokka.
The quokka is severely wounded.
The quokka barely misses you.
You closely miss the quokka.
The quokka is severely wounded.
The quokka barely misses you.
The quokka bites you but does no damage.
You slash the quokka!
You kill the quokka!
Trog accepts your kill.
You have reached level 4!
You feel stronger.
Your demonic ancestry asserts itself...
A pair of antennae grows on your head!
Your +1 helmet falls away!
Are you sure you want to abandon this character and quit the game? (Confirm with "yes".)

## .# # .###. .#.##
#.# ... ...# # #.#
###... #. #†# #.....
#..#####.# #.##..
#..†@....###.#
#.##..
###.####..##.#
#.#...
#.......>...###.##..
#..####..##.........
#.. #..##.###.##..
#.. #..#...##.##..
#.. #.........##..
#.. ##..#...#####..
.....##.## #..


There were no monsters in sight!

Vanquished Creatures
  An adder (D:2)
  An ooze (D:2)
  4 giant geckos
  3 giant cockroaches
  2 goblins (D:1)
  6 hobgoblins
  3 jackals (D:2)
  9 kobolds
  A quokka (D:2)
  2 ball pythons (D:1)
  5 bats (D:2)
  4 giant newts
  5 rats
46 creatures vanquished.

Notes
Turn   | Place    | Note
--------------------------------------------------------------
     0 | D:1      | Ijustatesigmund the Demonspawn Berserker began the quest for the Orb.
     0 | D:1      | Reached XP level 1. HP: 18/18 MP: 1/1
   247 | D:1      | Gained mutation: You sometimes gain a little power by taking damage. [demonic ancestry]
   247 | D:1      | Reached XP level 2. HP: 18/24 MP: 2/2
   846 | D:2      | Reached ** piety under Trog
   917 | D:2      | Reached XP level 3. HP: 29/29 MP: 3/3
  1413 | D:2      | Reached skill level 4 in Fighting
  1513 | D:2      | Gained mutation: You have a pair of small antennae on your head. [demonic ancestry]
  1513 | D:2      | Reached XP level 4. HP: 14/37 MP: 4/4
  1514 | D:2      | Quit the game

Vault maps used:
D:1:      lemuel_arrival_river_passageway
D:2:      nicolae_tso_swordbearing_angel

Action                   |  1- 3 |  4- 6 || total
-------------------------+-------+-------++-------
Melee: Hand axe          |   155 |       ||   155
Invok: Berserk           |     1 |       ||     1
  Use: Scroll            |     5 |       ||     5
 Stab: Sleeping          |     1 |       ||     1
  Eat: Chunk             |     3 |       ||     3
